 Dungeon Crawl Stone Soup version 0.28.0 (webtiles) character file.

Game seed: 734444012414151869

617 funkygono the Cudgeller (level 7, -2/44 HPs)
             Began as a Gargoyle Fighter on Feb 14, 2022.
             Slain by Duvessa (16 damage)
             ... on level 4 of the Dungeon.
             The game lasted 00:06:27 (4291 turns).

funkygono the Cudgeller (Gargoyle Fighter)          Turns: 4291, Time: 00:06:27

Health: -2/44      AC: 17    Str: 22    XL:     7   Next: 45%
Magic:  7/7        EV:  8    Int:  8    God:
Gold:   120        SH:  4    Dex:  9    Spells: 6/6 levels left

rFire   . . .      SeeInvis .   a - +2 flail
rCold   . . .      Faith    .   c - +0 buckler
rNeg    + . .      Spirit   .   u - +0 chain mail
rPois   ∞          Reflect  .   s - +0 helmet
rElec   +          Harm     .   (no cloak)
rCorr   .          Rampage  .   (no gloves)
Will    .....                   p - +0 pair of boots
Stlth   ..........              f - amulet of the acrobat
HPRegen 0.14/turn               n - ring of flight
MPRegen 0.10/turn               (no ring)

@: mighty, flying
A: sickness immunity, AC +4, negative energy resistance 1, electricity
resistance, torment resistance 1, petrification resistance
a: no special abilities


You were on level 4 of the Dungeon.
You visited 1 branch of the dungeon, and saw 4 of its levels.

You collected 120 gold pieces.

Inventory:

Hand Weapons
 a - a +2 flail (weapon)
Missiles
 h - 94 stones
 m - 46 bolts
Armour
 b - a +0 scale mail
 c - a +0 buckler (worn)
 p - a +0 pair of boots (worn)
 s - a +0 helmet (worn)
 u - a +0 chain mail (worn)
Magical Staves
 g - a staff of cold
 t - a staff of fire
Jewellery
 f - an amulet of the acrobat (around neck)
 n - a ring of flight (left hand)
Wands
 j - a wand of flame (8) (quivered)
 o - a wand of iceblast (10)
Scrolls
 i - a scroll of fear
 k - a scroll of identify
 q - a scroll of immolation
 r - a scroll of enchant weapon
 v - a scroll of magic mapping {unknown}
Potions
 d - a potion of might
 e - a potion of curing
 l - a potion of berserk rage {unknown}
 w - a potion of lignification {unknown}


   Skills:
 * Level 4.6 Fighting
 * Level 5.3 Maces & Flails
 * Level 5.1 Armour
 * Level 1.8 Dodging
 * Level 4.4 Shields


You had 6 spell levels left.
You didn't know any spells.
Your spell library contained the following spells:

 Spells                   Type           Power      Damage    Failure   Level
 Gell's Gravitas          Tloc           0%         N/A       100%        3
 Lesser Beckoning         Tloc           0%         N/A       100%        3
 Teleport Other           Tloc           0%         N/A       100%        3


Dungeon Overview and Level Annotations

Branches:
Dungeon (4/15)
 Temple: D:4-7

Altars:

Shops:
D:4 =

Annotations:
D:4 Duvessa


Innate Abilities, Weirdness & Mutations

You are immune to sickness and miasma.
Your stone body is resilient. (AC +4)
You are immune to poison.
You resist negative energy. (rN+)
You are resistant to electric shocks. (rElec)
You are resistant to unholy torment.
You are immune to petrification.


Message History

Aim: Duvessa, wielding a +3 short sword and wearing a +2 ring mail of cold resistance (lightly wounded, berserk, 77% to hit)
The puff of flame hits Duvessa but does no damage.
Duvessa is lightly wounded.
Duvessa hits you with a +3 short sword.
You hit Duvessa.
Duvessa is lightly wounded.
Duvessa hits you but does no damage. Duvessa closely misses you.
You thump Duvessa!
Duvessa is moderately wounded.
Duvessa hits you but does no damage. Duvessa hits you with a +3 short sword.
You sock Duvessa!
Duvessa is moderately wounded.
Duvessa hits you with a +3 short sword. x2
You closely miss Duvessa.
Duvessa is moderately wounded.
Duvessa hits you with a +3 short sword.
You hit Duvessa but do no damage.
Duvessa is moderately wounded.
Duvessa hits you with a +3 short sword. x2
You hit Duvessa but do no damage.
Duvessa is moderately wounded.
Duvessa hits you with a +3 short sword. Duvessa hits you with a +3 short sword!
* * * LOW HITPOINT WARNING * * *
You hit Duvessa but do no damage.
Duvessa is moderately wounded.
Duvessa completely misses you. Duvessa hits you with a +3 short sword.
* * * LOW HITPOINT WARNING * * *
Duvessa misses you. Duvessa closely misses you. Duvessa misses you.
Duvessa barely misses you. Duvessa misses you.
Duvessa hits you with a +3 short sword.
* * * LOW HITPOINT WARNING * * *
Duvessa misses you.
You feel better. Duvessa barely misses you.
You feel very mighty all of a sudden. Duvessa hits you but does no damage.
Duvessa hits you with a +3 short sword!
You die...

#..................#
#...##............### ####
#..####...#.......###
####..###...###...#......>##.
##.#.<.##...###...........###.
#...............#....##...###.
#.........##...##)..........#.
#.......).##..#.............#.
##.........>.@e..............#
##...........###.............
###.....)...##............##
#................#....)..#
###.............###.......
##...........## #.....##
#............####..###
#####........##...#....#
#.....................####


You could see Duvessa (berserk).

Vanquished Creatures
  Eustachio (D:4)
  A black bear (D:2)
  An ogre (D:3)
  A scorpion (D:4)
  Dowan (D:4)
  A hound (D:4)
  An iguana (D:3)
  Robin (D:3)
  6 adders
  A worm (D:4)
  A dart slug (D:1)
  2 orcs
  3 ball pythons
  3 endoplasms
  4 giant cockroaches
  15 goblins
  6 hobgoblins
  4 kobolds
  6 quokkas
  A bat (D:2)
  2 frilled lizards (D:2)
  8 rats
70 creatures vanquished.

Notes
Turn   | Place    | Note
-------+----------+-------------------------------------------
     0 | D:1      | funkygono the Gargoyle Fighter began the quest for the Orb.
     0 | D:1      | Reached XP level 1. HP: 14/14 MP: 1/1
   431 | D:1      | Reached XP level 2. HP: 15/19 MP: 2/2
   812 | D:1      | Found a faded altar of an unknown god.
  1116 | D:1      | Reached XP level 3. HP: 23/23 MP: 3/3
  1577 | D:2      | Noticed a black bear
  1589 | D:2      | Killed a black bear
  1590 | D:2      | Reached XP level 4. HP: 21/29 MP: 4/4
  1590 | D:2      | Reached XP level 5. HP: 24/33 MP: 5/5
  1780 | D:2      | Reached skill level 1 in Dodging
  2303 | D:3      | Noticed Robin
  2507 | D:3      | Killed Robin
  3337 | D:3      | Reached XP level 6. HP: 38/38 MP: 6/6
  3622 | D:4      | Noticed Eustachio
  3646 | D:4      | HP: 1/38 [river rat[Eustachio] (2)]
  3653 | D:4      | Killed Eustachio
  3654 | D:4      | Reached XP level 7. HP: 5/44 MP: 7/7
  3970 | D:4      | Found Owaad's Jewellery Shop.
  4039 | D:4      | Noticed Dowan
  4080 | D:3      | Reached skill level 5 in Maces & Flails
  4080 | D:3      | Reached skill level 5 in Armour
  4233 | D:4      | Killed Dowan
  4265 | D:4      | Noticed Duvessa
  4291 | D:4      | Slain by Duvessa

Illustrated notes

Levels and vault maps discovered:
D:1:      amcnicky_arrival_feature_with_door, layout_basic,
          ebering_ecumenical_altar_abandoned
D:2:      layout_loops_corners
D:3:      layout_basic, uniq_robin
D:4:      layout_cave_pools, minmay_temple_entry_trees, serial_shops,
          nicolae_shop_hallway_stairs, nrook_mini_vaults, minmay_misc_feat_rows,
          uniq_eustachio, uniq_duvessa

Skill      XL: |  1  2  3  4  5  6  7 |
---------------+----------------------+-----
Maces & Flails | 3 4 5 |  5.3
Armour         | 4 5 |  5.1
Dodging        | 1 |  1.8
Fighting       | 4 |  4.6
Shields        | 4 |  4.4

Action                   |  1- 3 |  4- 6 |  7- 9 || total
-------------------------+-------+-------+-------++-------
Melee: Flail             |    85 |   141 |    20 ||   246
Throw: Stone             |       |     1 |     2 ||     3
Evoke: Wand              |       |       |     8 ||     8
  Use: Scroll            |       |     8 |       ||     8
       Potion            |       |     1 |     2 ||     3
Armor: Scale mail        |    54 |    67 |       ||   121
       Chain mail        |       |    71 |     9 ||    80
Dodge: Dodged            |    44 |   139 |    17 ||   200
Block: Buckler           |    19 |    64 |     2 ||    85
